AoeStats
← GhostPants

Baltic

510393310Analyzed
3v3 RM · 21h ago on Sep 30, 2026· 57m 1s· 6 players
Game mode
Random Map
Map size
Normal (6 player)
Population
200
Speed
Normal
Resources
Standard
Victory
Conquest
Starting age
Dark Age
Ending age
Imperial Age
RankedLock teamsTeams togetherTeam positionsShared explorationLock speedFull tech treeHidden civsTurbo modeCheats
Victory
Defeat
🇨🇾 Britons · Cyprus
1067
+15
🇨🇾 Spanish · Cyprus
1043
+16
🇨🇾 Italians · Cyprus
1030
+17
🇪🇬 Cumans · Egypt
1106
-18
🇨🇦 Maya · Canada
1039
-16
🇭🇷 Koreans · Croatia
1007
-28
Freaky GHOSTMAN cY
5:33 Loom
10:26 Feudal Age
11:15 Double-Bit Axe
17:35 Castle Age
15:48 Horse Collar
20:53 Wheelbarrow
21:17 Bow Saw
20:59 Gold Mining
22:12 Medium Warships
23:43 Town Watch
24:05 Stone Mining
26:39 Forging
26:25 Fletching
28:01 Gold Shaft Mining
28:48 Careening
28:51 Clinker Construction
28:56 Fortified Wall
29:27 Iron Casting
28:58 Husbandry
33:04 Imperial Age
30:43 Fishing Lines
32:08 Hand Cart
32:29 Scale Barding Armor
32:23 Murder Holes
32:09 Treadmill Crane
32:28 Murder Holes
34:57 Cavalier
36:21 Conscription
35:35 Pikeman
36:16 Squires
36:01 Gambesons
36:29 Scale Mail Armor
37:50 Blast Furnace
36:21 Halberdier
37:00 Halberdier
38:03 Gambesons
40:01 Chain Mail Armor
40:08 Chain Barding Armor
43:05 Plate Mail Armor
42:48 Caravan
44:32 Two-Man Saw
44:32 Town Patrol
44:36 Heavy Plow
45:02 Bodkin Arrow
45:07 Padded Archer Armor
44:30 Elite Longbowman
47:55 Yeomen
48:05 Ballistics
48:14 Capped Ram
49:39 Warwolf
50:17 Hoardings
50:45 Chemistry
49:35 Heated Shot
54:34 Leather Archer Armor
55:56 Bracer
56:26 Ring Archer Armor
56:32 Plate Barding Armor
GhostPants
3:08 Loom
11:35 Feudal Age
12:32 Double-Bit Axe
17:39 Castle Age
19:15 Medium Warships
21:17 Bow Saw
22:25 Horse Collar
23:30 Careening
26:11 Siphons
26:01 Gold Mining
26:16 Heavy Plow
26:57 Fishing Lines
31:25 Imperial Age
29:54 Wheelbarrow
29:06 Town Watch
29:30 Stone Mining
29:34 Fletching
29:55 Forging
29:46 Scale Mail Armor
30:27 Bloodlines
30:17 Husbandry
31:19 Stone Shaft Mining
31:47 Hand Cart
31:44 Cavalier
33:40 Chemistry
32:58 Scale Barding Armor
34:43 Town Patrol
35:10 Light Cavalry
36:30 Caravan
37:07 Coinage
39:11 Hussar
39:33 Elite Cannon Galleon
41:54 Banking
41:34 Guilds
42:15 Heavy Warships
43:17 Two-Man Saw
42:49 Crop Rotation
44:41 Gillnets
48:15 Chain Barding Armor
48:31 Iron Casting
47:52 Bodkin Arrow
47:57 Padded Archer Armor
48:13 Chain Mail Armor
56:58 Ballistics
56:49 Fortified Wall
56:35 Murder Holes
56:20 Treadmill Crane
57:01 Bombard Tower
56:27 Arrowslits
56:33 Guard Tower
56:53 Masonry
56:34 Heated Shot
57:05 Shipwright
56:56 Clinker Construction
57:07 Dry Dock
56:57 Incendiaries
Polis
11:42 Feudal Age
12:33 Double-Bit Axe
20:07 Loom
22:30 Castle Age
23:36 Castle Age
22:12 Horse Collar
25:48 Wheelbarrow
29:07 Bow Saw
30:15 Hand Cart
29:46 Town Watch
29:47 Loom
31:13 Murder Holes
31:14 Fletching
31:24 Padded Archer Armor
32:41 Town Patrol
34:52 Bodkin Arrow
35:12 Leather Archer Armor
35:08 Forging
36:01 Gold Mining
36:51 Ballistics
39:40 Imperial Age
37:21 Husbandry
38:29 Heavy Plow
39:03 Caravan
42:29 Chemistry
41:50 Ballistics
42:49 Two-Man Saw
42:38 Elite Cannon Galleon
44:44 Careening
48:45 Iron Casting
48:10 Scale Mail Armor
48:16 Scale Barding Armor
48:11 Bracer
48:42 Ring Archer Armor
48:27 Fortified Wall
48:28 Masonry
48:39 Dry Dock
48:39 Shipwright
48:25 Siphons
48:31 Clinker Construction
47:44 Onager
49:46 Conscription
49:48 Supremacy
49:30 Inquisition
50:05 Hoardings
48:51 Elite Conquistador
55:52 Blast Furnace
55:07 Chain Mail Armor
55:12 Chain Barding Armor
56:09 Cavalier
58:00 Architecture
57:51 Bombard Tower
57:52 Carvel Hull
58:05 Plate Mail Armor
magdallenagrdic
11:31 Feudal Age
9:50 Loom
12:11 Horse Collar
12:20 Double-Bit Axe
14:32 Wheelbarrow
15:41 Fishing Lines
24:36 Castle Age
23:23 Fletching
23:42 Scale Barding Armor
23:52 Forging
27:43 Crossbowman
28:29 Thumb Ring
28:26 Gold Mining
30:22 Bow Saw
33:02 Heavy Plow
40:31 Gold Shaft Mining
39:28 Pikeman
40:10 Squires
41:11 Gillnets
45:26 Imperial Age
44:42 Bodkin Arrow
45:11 Chain Barding Armor
46:06 Hand Cart
56:47 Ballistics
trashypanda
0:29 Loom
11:31 Feudal Age
17:26 Horse Collar
23:23 Castle Age
21:20 Double-Bit Axe
21:42 Scale Mail Armor
21:53 Forging
23:26 Fletching
23:40 Gold Mining
24:24 Squires
23:44 Eagle Warrior
24:41 Chain Mail Armor
23:48 Crossbowman
25:32 Bow Saw
28:06 Heavy Plow
31:41 Iron Casting
31:08 Bodkin Arrow
31:38 Pikeman
32:59 Iron Casting
33:17 Ballistics
35:59 Wheelbarrow
39:37 Imperial Age
40:04 Wheelbarrow
39:55 Arbalester
42:39 Chemistry
44:38 Hand Cart
45:58 Fortified Wall
45:59 Masonry
46:50 Bracer
47:32 Thumb Ring
47:29 Padded Archer Armor
48:51 Onager
48:54 Heavy Scorpion
49:58 Halberdier
52:02 Thumb Ring
52:14 Capped Ram
53:11 Elite Eagle Warrior
54:39 Caravan
Assem
12:17 Feudal Age
12:57 Double-Bit Axe
13:08 Fishing Lines
15:52 Horse Collar
21:26 Castle Age
19:54 Stone Mining
19:55 Gold Mining
22:06 Wheelbarrow
22:27 Bow Saw
23:12 Gold Shaft Mining
23:06 Heavy Plow
28:43 Hand Cart
29:12 Forging
29:07 Scale Barding Armor
29:46 Ballistics
32:33 Imperial Age
30:54 Iron Casting
31:25 Bloodlines
30:36 Light Cavalry
31:40 Masonry
33:08 Chain Barding Armor
34:08 Crop Rotation
33:32 Stone Mining
34:44 Two-Man Saw
33:11 Cavalier
33:14 Hussar
35:40 Plate Barding Armor
36:00 Coinage
35:31 Caravan
35:23 Paladin
37:38 Blast Furnace
36:38 Crossbowman
37:24 Thumb Ring
38:28 Fletching
42:18 Onager
43:31 Demolition Ship
44:45 Loom
46:47 Banking
46:47 Pikeman
47:28 Squires
47:13 Arson
46:49 Man-at-Arms
47:54 Medium Warships
48:08 Halberdier
50:06 Guilds
49:28 Siege Onager
51:01 Heated Shot
52:11 Chemistry
54:54 Scale Mail Armor
54:55 Padded Archer Armor
54:25 Long Swordsman
56:36 Careening
Connection lost

Rejoining the realm…

Still unreachable

The connection could not be restored.

Session expired

The server has moved on; the page needs a fresh start.